 Dungeon Crawl Stone Soup version 0.18-a0-1485-g189885c (webtiles) character file.

410 uiiiytp the Shield-Bearer (level 6, -2/52 HPs)
             Began as a Minotaur Fighter on Mar 3, 2016.
             Slain by a giant frog (7 damage)
             ... on level 7 of the Dungeon.
             The game lasted 00:17:34 (3437 turns).

uiiiytp the Shield-Bearer (Minotaur Fighter)        Turns: 3437, Time: 00:17:34

Health: -2/52      AC:  7    Str: 22    XL:     6   Next: 58%
Magic:  5/5        EV:  9    Int:  5    God:
Gold:   167        SH: 10    Dex: 10    Spells: 0 memorised, 5 levels left

rFire  . . .     SeeInvis .     a - +1 war axe
rCold  . . .     Gourm    .     b - +0 scale mail
rNeg   . . .     Faith    .     c - +0 shield
rPois  .         Spirit   .     (helmet restricted)
rElec  .         Dismiss  .     (no cloak)
rCorr  .         Reflect  .     (no gloves)
SustAt .         Harm     .     (no boots)
MR     .....                    (no amulet)
Stlth  ..........               (no ring)
                                (no ring)

@: marked, not resistant to hostile enchantments, extremely unstealthy
A: retaliatory headbutt, horns 2
a: no special abilities


You were on level 7 of the Dungeon.
You were hungry.

You visited 1 branch of the dungeon, and saw 5 of its levels.

You collected 167 gold pieces.

Inventory:

Hand Weapons
 a - a +1 war axe (weapon)
 k - a +0 dagger of venom
 n - a +0 mace
 v - a +0 blowgun
 w - a +0 short sword
 x - a +1 short sword of venom
Armour
 b - a +0 scale mail (worn)
 c - a +0 shield (worn)
 h - a +0 leather armour
 q - a +0 ring mail
Jewellery
 y - a +2 ring of intelligence {unknown}
Wands
 s - a wand of digging (8/24)
Scrolls
 e - 2 scrolls of enchant weapon
 j - 2 scrolls of identify {unknown}
 l - 4 scrolls of remove curse
 p - a scroll of immolation {unknown}
 r - a scroll of recharging {unknown}
 u - 2 scrolls of teleportation {unknown}
Potions
 g - a potion of degeneration {unknown}
 i - a potion of haste {unknown}
Comestibles
 f - 2 bread rations
 m - 2 meat rations
 t - a beef jerky
 z - 2 chunks of flesh


   Skills:
 + Level 4.3 Fighting
 + Level 3.9 Axes
 + Level 5.4 Armour
 + Level 3.1 Dodging
 + Level 0.8 Stealth
 + Level 5.6 Shields


You had 5 spell levels left.
You didn't know any spells.

Dungeon Overview and Level Annotations

Branches:
Dungeon (4/15)
 Temple: D:4-7

Altars:
Sif Muna


Innate Abilities, Weirdness & Mutations

You reflexively headbutt those who attack you in melee.
You have a pair of horns on your head.


Message History

* * * LOW HITPOINT WARNING * * *
Found a scroll labeled MACOPP KOERAUTH.
Really walk onto that alarm trap?
The alarm trap emits a blaring wail!
A sentinel's mark forms upon you.
You hear a shout!
You hear a loud, deep croak!
You hear a shout! x5
Drink which item? (? for menu, Esc to quit)
It was a potion of cure mutation.
It has a very clean taste.
A giant frog comes into view.
Found a stone staircase leading up.
The gnoll shaman invokes the aid of its god against you.
You resist with some effort.
You are feeling hungry.
Found a scroll labeled MACOPP KOERAUTH.
A giant cockroach comes into view.
The gnoll shaman mumbles some strange prayers to its god against you.
You resist with some effort. You block the giant frog's attack.
The gnoll closely misses you. You block the gnoll's attack.
The giant frog hits you!
You die...

. #..# #.#
...###..####.##.
#..............
#####........#
#..s.....###
#..........?
##.ggg...#
#####.......#
........g.F@<#
#########.####
#.# #.# ... #.#
..# ###


You could see a giant frog, a gnoll shaman, 3 gnolls and a giant cockroach.

Vanquished Creatures
  A gnoll sergeant (D:7)
  3 orc wizards (D:3)
  Jessica (D:3)
  Ijyb (D:3)
  A hound skeleton (D:3)
  3 gnolls (D:7)
  2 adders
  3 oozes
  8 worms
  3 dart slugs
  3 giant geckos
  11 orcs (D:3)
  A ball python (D:1)
  10 bats
  6 giant cockroaches
  8 goblins
  10 hobgoblins
  12 jackals
  A giant newt (D:3)
  6 kobolds
  7 rats
101 creatures vanquished.

Notes
Turn   | Place    | Note
--------------------------------------------------------------
     0 | D:1      | uiiiytp the Minotaur Fighter began the quest for the Orb.
     0 | D:1      | Reached XP level 1. HP: 19/19 MP: 0/0
   149 | D:1      | Reached XP level 2. HP: 24/27 MP: 1/1
   699 | D:2      | Reached XP level 3. HP: 15/33 MP: 2/2
  1048 | D:2      | Found a deep blue altar of Sif Muna.
  1336 | D:2      | Reached XP level 4. HP: 38/40 MP: 3/3
  1387 | D:2      | Found a faded altar to an unknown god.
  1402 | D:2      | Reached skill level 1 in Dodging
  1875 | D:3      | Reached XP level 5. HP: 19/46 MP: 4/4
  1964 | D:3      | Noticed Ijyb
  1973 | D:3      | Killed Ijyb
  1973 | D:3      | Reached skill level 5 in Shields
  2095 | D:3      | Reached skill level 5 in Armour
  2783 | D:3      | Reached XP level 6. HP: 52/52 MP: 5/5
  2900 | D:3      | Noticed Jessica
  2906 | D:3      | Killed Jessica
  3374 | D:4      | You fall through a shaft for 3 floors!
  3415 | D:7      | HP: 1/52 [gnoll/flail (4)]
  3437 | D:7      | Slain by a giant frog

Vault maps used:
D:1:      minmay_arrival_solitary_statue
D:2:      lemuel_blue_sif_altar, ecumenical_altar_1
D:3:      uniq_jessica, uniq_iyjb
D:4:      moated_statue, evilmike_ruin_ashenzari
D:7:      temple_fountains

Skill      XL: |  1  2  3  4  5  6 |
---------------+-------------------+-----
Shields        | 4 5 |  5.6
Armour         | 4 5 |  5.4
Fighting       | 4 |  4.3
Axes           | 3 |  3.9
Dodging        | 2 3 |  3.1
Stealth        | |  0.8

Action                   |  1- 3 |  4- 6 || total
-------------------------+-------+-------++-------
Melee: War axe           |   115 |   147 ||   262
  Use: Potion            |       |     5 ||     5
       Scroll            |       |     2 ||     2
  Eat: Chunk             |     2 |     6 ||     8
